 Dungeon Crawl Stone Soup version 0.27-a0-1147-gb3d8e82157 (webtiles) character file.

Game seed: 15418147539588212801

65 shoop the Chucker (level 4, -3/42 HPs)
             Began as an Ogre Arcane Marksman on May 11, 2021.
             Was a Follower of Sif Muna.
             Slain by a gnoll
             ... wielding a +0 flail
              (8 damage)
             ... on level 2 of the Dungeon.
             The game lasted 00:04:01 (1815 turns).

shoop the Chucker (Ogre Arcane Marksman)            Turns: 1815, Time: 00:04:02

Health: -3/42      AC:  3    Str: 15    XL:     4   Next: 13%
Magic:  7/7        EV: 10    Int: 14    God:    Sif Muna [*.....]
Gold:   45         SH:  0    Dex:  9    Spells: 6/7 levels left

rFire    . . .     SeeInvis .   e - +2 dagger (protect)
rCold    . . .     Faith    .   (no shield)
rNeg     + . .     Spirit   .   a - +0 robe
rPois    .         Reflect  .   (helmet restricted)
rElec    .         Harm     .   (no cloak)
rCorr    .         Rampage  .   (gloves unavailable)
Will     .....                  (boots unavailable)
Stlth    +.........             (no amulet)
HPRegen  0.14/turn              l - ring of positive energy
MPRegen  0.10/turn              (no ring)

@: no status effects
A: large, unfitting armour, tough skin 1
a: Renounce Religion, Channel Magic


You were on level 2 of the Dungeon.
You worshipped Sif Muna.
Sif Muna was aware of your devotion.
You visited 1 branch of the dungeon, and saw 2 of its levels.

You collected 45 gold pieces.

Inventory:

Hand Weapons
 e - a +2 dagger of protection (weapon)
Missiles
 c - 2 large rocks (quivered)
 d - 2 throwing nets
Armour
 a - a +0 robe (worn)
Jewellery
 l - a ring of positive energy (left hand)
Scrolls
 b - a scroll of noise {unknown}
 f - a scroll of fear {unknown}
 h - a scroll of brand weapon {unknown}
 i - 2 scrolls of identify {unknown}
 m - a scroll of teleportation {unknown}
Potions
 j - a potion of flight {unknown}
 k - a potion of attraction {unknown}


   Skills:
 - Level 2.0 Fighting
 + Level 3.4 Throwing
 - Level 2.0 Dodging
 - Level 2.0 Spellcasting
 - Level 3.0 Hexes


You had 6 spell levels left.
You knew the following spells:

 Your Spells              Type           Power      Damage    Failure   Level
a - Corona                Hex            10%        N/A       7%          1

Your spell library contained the following spells:

 Spells                   Type           Power      Damage    Failure   Level
 Slow                     Hex            9%         N/A       11%         2
 Confusing Touch          Hex            9%         N/A       21%         3
 Inner Flame              Hex/Fire       5%         N/A       36%         3
 Portal Projectile        Hex/Tloc       10%        N/A       36%         3
 Gell's Gravitas          Tloc           0%         N/A       56%         3
 Cause Fear               Hex            4%         N/A       56%         4
 Leda's Liquefaction      Hex/Erth       2%         N/A       77%         4
 Petrify                  Tmut/Erth      1%         N/A       93%         4
 Metabolic Englaciation   Hex/Ice        2%         N/A       98%         5
 Yara's Violent Unravell  Hex/Tmut       2%         3d3       98%         5


Dungeon Overview and Level Annotations

Branches:
Dungeon (2/15)

Altars:
Sif Muna
Wu Jian

Shops:
D:2 (


Innate Abilities, Weirdness & Mutations

You are too large for most types of armour.
You have tough skin. (AC +1)


Message History

You closely miss the goblin. The goblin barely misses you.
You miss the goblin. The goblin misses you.
You barely miss the goblin. The goblin hits you with a +0 club.
You hit the goblin.
Your weapon exudes an aura of protection.
The goblin is almost dead.
The goblin hits you but does no damage.
You hit the goblin.
You kill the goblin!
Sif Muna accepts your kill.
Throw: 2 darts (poison)
Press: ? - help, Q - select action, (/) - cycle Shift-Dir - straight line, f - gnoll
Aim: a gnoll, wielding a +0 flail (60% to hit)
You throw a poisoned dart. The poisoned dart hits the gnoll.
The gnoll is poisoned.
The gnoll hits you with a +0 flail.
* * * LOW HITPOINT WARNING * * *
The gnoll looks more healthy.
Throw: dart (poison)
Press: ? - help, Q - select action, (/) - cycle Shift-Dir - straight line, f/p - gnoll
Aim: a gnoll, wielding a +0 flail (heavily wounded, 60% to hit)
You throw a poisoned dart.
The poisoned dart barely misses the gnoll.
The gnoll closely misses you.
Throw: 4 large rocks
Press: ? - help, Q - select action, (/) - cycle Shift-Dir - straight line, f/p - gnoll
Aim: a gnoll, wielding a +0 flail (heavily wounded, 60% to hit)
You throw a large rock.
The large rock hits the gnoll but does no damage.
The gnoll is heavily wounded.
The gnoll hits you with a +0 flail.
* * * LOW HITPOINT WARNING * * *
The gnoll hits you with a +0 flail.
* * * LOW HITPOINT WARNING * * *
Throw: 3 large rocks
Press: ? - help, Q - select action, (/) - cycle Shift-Dir - straight line, f/p - gnoll
Aim: a gnoll, wielding a +0 flail (heavily wounded, 60% to hit)
You throw a large rock. The large rock barely misses the gnoll.
The gnoll hits you with a +0 flail!
You die...

#...##.# #.......#
#..###.# #.##.##.#
#......# #.##.##.#
##.##### #.##.##.# #.#
#.##.##.# #.# #.......#
#.# #######.####
#.######## #.g...((#
#........######@#######
########........#
##########


You could see a gnoll.

Vanquished Creatures
  An adder (D:2)
  2 gnolls (D:2)
  A worm (D:2)
  A dart slug (D:1)
  5 ball pythons (D:1)
  4 endoplasms
  2 hobgoblins (D:1)
  3 jackals (D:1)
  4 frilled lizards (D:1)
  3 goblins
  2 kobolds
  3 rats
31 creatures vanquished.

Vanquished Creatures (others)
  A plant (D:1)
1 creature vanquished.

Grand Total: 32 creatures vanquished

Notes
Turn   | Place    | Note
-------+----------+-------------------------------------------
     0 | D:1      | shoop the Ogre Arcane Marksman began the quest for the Orb.
     0 | D:1      | Reached XP level 1. HP: 19/19 MP: 2/2
   441 | D:1      | Found a faded altar of an unknown god.
   451 | D:1      | Became a worshipper of Sif Muna the Loreminder
   451 | D:1      | Reached * piety under Sif Muna
   491 | D:1      | Reached XP level 2. HP: 26/28 MP: 2/4
  1027 | D:1      | Reached XP level 3. HP: 35/35 MP: 3/5
  1425 | D:2      | Found an ornate altar of the Wu Jian Council.
  1733 | D:2      | Found Wouzetz's Weapon Boutique.
  1793 | D:2      | Reached XP level 4. HP: 16/42 MP: 7/7
  1815 | D:2      | Slain by a gnoll

Illustrated notes

Levels and vault maps discovered:
D:1:      denvon_arrival_planthouse, layout_basic,
          ebering_ecumenical_altar_sacrificial, hex_medium
D:2:      layout_loops_cross, basic_altar, serial_shops,
          nicolae_shop_temple_entry_statues_fountains, minmay_fractal_squares_5

Skill      XL: |  1  2  3 |
---------------+----------+-----
Hexes          | 3 |  3.0
Fighting       | 2 |  2.0
Dodging        | 2 |  2.0
Spellcasting   | 2 |  2.0
Throwing       | 3 |  3.4

Action                   |  1- 3 |  4- 6 || total
-------------------------+-------+-------++-------
Melee: Unarmed           |    35 |       ||    35
       Dagger            |   111 |     6 ||   117
Throw: Large rock        |     1 |     2 ||     3
       Dart              |     5 |     2 ||     7
 Cast: Corona            |    22 |       ||    22
 Stab: Sleeping          |     1 |       ||     1
Armor: Robe              |    50 |     1 ||    51
Dodge: Dodged            |    76 |     4 ||    80

Table legend: (Time is in decaauts)
 A = Elapsed time spent in this place.
 B = Non-inter-level travel time spent in this place.
 C = Inter-level travel time spent in this place.
 D = Time resting spent in this place.
 E = Time spent auto-exploring this place.
 F = Levels seen in this place.
 G = Mean time per level.
                   A        B        C        D        E       F      G
               +--------+--------+--------+--------+--------+-----+--------+
         Total |   1814 |   1784 |     30 |      0 |   1426 |   2 |  907.0 |
       Dungeon |   1814 |   1784 |     30 |      0 |   1426 |   2 |  907.0 |
               +--------+--------+--------+--------+--------+-----+--------+

Top non-repeatable levels by time:
     D:1: 1322 daAuts
     D:2: 491 daAuts
